Map: Thunderbird LE

Players

Kelazhur

  • Race: Terran Terran
  • League: Master
  • Spawn Location: 11:00

Future - Winner!

  • Race: Terran Terran
  • Spawn Location: 5:00

Event: NationWars 2019

VOD

Have the link to the VOD?

Description

Time

  • Played on: Oct. 12, 2019, 12:36 p.m.
  • Length: 9:00
Show
View Real Time Build Order
Export as new Build Order

Kelazhur Terran 

Build Orders: Gas First Reaper Expand, Banshee Rush 

Get SALT Encoding   

  12  0:00  SCV  
  13  0:12  SCV  
  14  0:17  Supply Depot  
  14  0:24  SCV  
  14  0:27  Refinery  
  15  0:38  SCV  
  16  0:44  Barracks  
  16  0:51  SCV  
  17  1:03  SCV  
  18  1:15  SCV  
  19  1:31  Orbital Command, Reaper  
  20  1:45  Command Center  
  20  1:55  Factory  
  20  1:57  SCV  
  21  2:04  Barracks Reactor  
  21  2:08  Supply Depot  
  21  2:12  SCV  
  22  2:16  Refinery  
  22  2:24  SCV  
  23  2:37  SCV  
  23  2:42  Starport  
  24  2:46  Hellion x2  
  24  2:50  SCV  
  29  2:53  Barracks Tech Lab  
  29  2:58  Orbital Command  
  29  3:03  SCV  
  30  3:09  Hellion  
  30  3:12  Hellion  
  34  3:15  SCV  
  35  3:25  Medivac  
  37  3:27  SCV  
  37  3:28  SCV  
  39  3:44  Factory Tech Lab, SCV  
  39  3:45  Marine x2  
  33  3:49  SCV  
  33  3:55  Banshee, Cloaking Field  
  33  3:56  SCV  
  33  4:01  SCV  
  38  4:03  Marine x2  
  38  4:08  SCV, Cyclone  
  44  4:12  Supply Depot  
  44  4:13  SCV  
  45  4:22  SCV, Supply Depot  
  46  4:29  SCV  
  46  4:30  Marine  
  46  4:32  Marine  
  42  4:39  Banshee, SCV  
  42  4:41  SCV  
  47  4:51  SCV  
  48  4:53  Marine x2  
  48  4:56  Siege Tank  
  48  4:58  SCV  
  54  5:03  SCV  
  55  5:10  SCV  
  55  5:11  Marine x2  
  55  5:13  Supply Depot  
  58  5:16  SCV  
  56  5:22  SCV  
  56  5:28  SCV  
  54  5:29  Marine x2  
  54  5:34  SCV  
  57  5:36  Siege Tank  
  60  5:44  Command Center  
  60  5:45  SCV  
  60  5:47  Marine x2  
  60  5:56  Raven  
  64  5:57  SCV x2  
  64  6:00  Barracks  
  64  6:06  Marine  
  64  6:07  Marine  
  64  6:09  SCV  
  67  6:11  SCV  
  67  6:12  Refinery x2  
  68  6:19  Supply Depot  
  68  6:21  SCV  
  68  6:23  SCV  
  68  6:24  Barracks  
  70  6:40  Marine x2  
  70  6:41  SCV x2, Siege Tank  
  77  6:47  Engineering Bay  
  77  6:50  Engineering Bay  
  77  6:51  Marine  
  78  6:55  SCV  
  78  6:56  SCV  
  78  6:57  Orbital Command  
  78  6:58  Marine  
  78  7:08  SCV x2  
  77  7:11  Marine x2  
  77  7:13  Siege Tank  
  75  7:19  Marine  
  75  7:20  SCV x2  
  73  7:25  SCV  
  70  7:32  SCV  
  70  7:33  Barracks Tech Lab x2  
  70  7:35  SCV  
  69  7:42  SCV  
  69  7:43  Viking x2  
  69  7:44  SCV, Marine  
  71  7:45  Siege Tank  
  71  7:47  SCV  
  77  7:52  Marine x2  
  77  7:53  Refinery  
  77  7:54  SCV  
  79  7:58  Liberator  
  79  7:59  Liberator  
  79  8:03  Marine  
  71  8:10  Marine x2  
  74  8:12  SCV  
  74  8:13  SCV  
  78  8:21  Marine  
  72  8:28  Marine x2  
  76  8:39  Marine  
  73  8:45  SCV x2  
Show
View Real Time Build Order
Export as new Build Order

Future Terran - Winner!

Build Orders: 1/1/1, Liberator Opening 

Get SALT Encoding   

  12  0:00  SCV  
  13  0:13  SCV  
  14  0:17  Supply Depot  
  14  0:25  SCV  
  14  0:27  Refinery  
  15  0:39  SCV  
  16  0:44  Barracks  
  16  0:51  SCV  
  16  0:55  Refinery  
  17  1:03  SCV  
  18  1:15  SCV  
  19  1:31  Factory  
  19  1:34  Reaper  
  19  1:36  Orbital Command  
  20  1:47  Supply Depot  
  20  2:03  SCV  
  20  2:06  Reaper  
  22  2:15  SCV  
  22  2:16  Starport  
  22  2:17  Hellion  
  25  2:28  SCV  
  25  2:29  Supply Depot  
  26  2:35  Liberator  
  26  2:38  Reaper  
  26  2:40  SCV, Hellion  
  29  2:52  SCV  
  33  3:01  Hellion  
  35  3:22  Command Center  
  35  3:25  Factory Tech Lab  
  35  3:27  Barracks Reactor  
  35  3:32  Supply Depot  
  35  3:35  SCV  
  35  3:38  Starport Tech Lab  
  36  3:47  SCV  
  35  3:57  Cyclone  
  35  3:59  SCV  
  39  4:08  Raven  
  41  4:11  SCV, Refinery  
  42  4:23  SCV  
  43  4:29  Cyclone  
  46  4:35  SCV  
  46  4:37  Marine x2  
  44  4:43  Orbital Command  
  39  4:47  SCV  
  39  4:52  Command Center  
  40  4:56  Raven  
  40  4:59  SCV  
  43  5:01  Marine x2  
  45  5:10  SCV  
  45  5:11  SCV  
  47  5:19  Siege Tank, Marine x2  
  52  5:22  SCV  
  52  5:23  SCV  
  50  5:35  SCV  
  48  5:36  SCV  
  47  5:47  SCV  
  47  5:48  SCV  
  49  5:59  SCV, Viking x2  
  49  6:00  SCV  
  54  6:09  Orbital Command  
  54  6:11  SCV  
  54  6:12  SCV  
  55  6:19  Siege Tank  
  55  6:23  SCV  
  60  6:25  SCV  
  60  6:29  Viking  
  62  6:33  Refinery  
  62  6:36  Viking  
  62  6:38  SCV x2  
  62  6:39  SCV  
  67  6:41  Marine  
  67  6:46  Supply Depot  
  68  6:50  SCV x2  
  68  6:52  SCV, Siege Tank  
  72  7:01  Viking  
  73  7:02  SCV x2  
  67  7:10  SCV  
  67  7:13  Viking  
  67  7:14  SCV  
  67  7:15  SCV  
  69  7:22  SCV  
  68  7:26  SCV  
  68  7:27  SCV  
  68  7:30  Siege Tank  
  68  7:34  SCV  
  68  7:36  Viking  
  71  7:39  SCV  
  71  7:43  Viking  
  74  7:45  SCV  
  74  7:46  SCV  
  76  7:51  Supply Depot  
  76  7:53  Orbital Command  
  76  7:58  SCV  
  77  8:00  SCV  
  77  8:02  Siege Tank  
  78  8:09  Viking  
  78  8:10  SCV  
  78  8:12  SCV  
  80  8:19  Viking  
  82  8:20  SCV  
  82  8:22  SCV  
  82  8:24  SCV  
  85  8:30  Barracks  
  85  8:32  Barracks, SCV  
  87  8:34  SCV  
  87  8:36  SCV  
  87  8:44  SCV  
Tags
 
Add a new tag
Caveats
  • Supply blocks, unpowered buildings, or Contaminate may cause inaccurate times.
  • Supply counts are checked every 10 seconds.